 Dungeon Crawl Stone Soup version 0.17-a0-1150-g17b0b87 (webtiles) character file.

230949 panicbit the Executioner (level 18, -5/170 HPs)
             Began as a Minotaur Fighter on May 26, 2015.
             Was the Champion of Okawaru.
             Killed from afar by a thorn hunter (38 damage)
             ... with a volley of thorns
             ... on level 4 of the Swamp on May 27, 2015.
             The game lasted 04:20:29 (35927 turns).

panicbit the Executioner (Minotaur Fighter)        Turns: 35927, Time: 04:20:42

Health: -5/170     AC: 38    Str: 37    XL:     18   Next: 78%
Magic:  17/21      EV: 16    Int:  8    God:    Okawaru [******]
Gold:   1053       SH:  0    Dex: 10    Spells: 0 memorised, 17 levels left

rFire  + + .     SeeInvis .     p - +10 war axe of the Endless March {chop, Int+3}
rCold  . . .     Clarity  .     h - +7 shadow dragon armour
rNeg   . . .     SustAt   .     D - +2 large shield
rPois  .         Gourm    .     y - +0 hat of Ennui {MR+ Regen+ Str+3}
rElec  .         Spirit   .     n - +1 cloak
rCorr  .         Warding  .     m - +1 pair of gloves "Nike" {rF++}
rMut   .         Stasis   .     t - +2 pair of boots {Stlth+}
MR     ++...                    (no amulet)
Stlth  ++++......               X - +5 ring of strength
                                U - +3 ring of protection

@: confused, heroism, finesse, very resistant to hostile enchantments, stealthy
A: retaliatory headbutt, horns 2
a: Heroism, Finesse, Renounce Religion
}: 1/15 runes: gossamer


You were on level 4 of the Swamp.
You worshipped Okawaru.
Okawaru was exalted by your worship.
You were hungry.

You visited 5 branches of the dungeon, and saw 35 of its levels.
You visited the Abyss 1 time.
You also visited: Ice Cave.

You collected 3425 gold pieces.
You spent 2372 gold pieces at shops.

Inventory:

Hand weapons
 p - the +10 war axe of the Endless March (weapon) {chop, Int+3}
   (Okawaru gifted it to you on level 1 of the Orcish Mines)

   It inflicts extra damage upon your enemies.
   It affects your intelligence (+3).
 v - a +2 war axe of freezing
 W - the +3 broad axe "Citer" {chop, rElec Str+4 Stlth-}
   (Okawaru gifted it to you on level 10 of the Dungeon)

   It inflicts extra damage upon your enemies.
   It affects your strength (+4).
   It insulates you from electricity.
   It makes you less stealthy.
Armour
 h - a +7 shadow dragon armour (worn)
 m - the +1 pair of gloves "Nike" (worn) {rF++}
   (You acquired it on level 14 of the Dungeon)

   It greatly protects you from fire.
 n - a +1 cloak (worn)
 t - a +2 pair of boots of stealth (worn)
 y - the +0 hat of Ennui (worn) {MR+ Regen+ Str+3}
   (Okawaru gifted it to you on level 11 of the Dungeon)

   It affects your strength (+3).
   It affects your resistance to hostile enchantments.
   It increases your rate of regeneration.
 D - a +2 large shield (worn)
Jewellery
 w - an uncursed ring of protection from fire
 E - an uncursed amulet of stasis
 F - an uncursed ring of positive energy
 H - an uncursed amulet of resist corrosion {unknown}
 K - an uncursed ring of see invisible
 R - an uncursed ring of teleportation
 U - a +3 ring of protection (left hand)
 X - a +5 ring of strength (right hand)
Magical devices
 I - a wand of flame (28)
Scrolls
 a - 2 scrolls of identify
 b - 9 scrolls of teleportation
 f - 14 scrolls of remove curse
 i - a scroll of silence
 q - 2 scrolls of summoning
 s - 3 scrolls of fear
 x - 5 scrolls of recharging
 z - a scroll of enchant weapon
 G - 5 scrolls of magic mapping
 J - 4 scrolls of blinking
 N - 3 scrolls of holy word {unknown}
 P - 3 scrolls of vulnerability {unknown}
 T - 6 scrolls of random uselessness {unknown}
 Z - 3 scrolls of fog {unknown}
Potions
 c - 5 potions of haste
 d - 4 potions of might
 g - 6 potions of flight
 j - 16 potions of curing
 k - 3 potions of lignification
 l - 5 potions of heal wounds
 o - 8 potions of agility
 B - 4 potions of invisibility
 C - 4 potions of resistance
 M - 7 potions of brilliance
 O - 2 potions of magic
 S - 3 potions of berserk rage
Comestibles
 e - 23 bread rations
 r - 18 royal jellies
 u - 3 fruits
 A - 13 beef jerkies
 Q - 15 meat rations


   Skills:
 + Level 17.5(22.5) Fighting
 + Level 22.1(27) Axes
 + Level 14.5(19.5) Armour
 + Level 10.7(15.7) Dodging
 + Level 5.8(10.8) Stealth
 + Level 18.6(23.6) Shields
 + Level 1.0(6.0) Unarmed Combat
 + Level 6.2 Invocations


You had 17 spell levels left.
You didn't know any spells.

Dungeon Overview and Level Annotations

Branches:
Dungeon (15/15)            Temple (0/1) D:6            Lair (8/8) D:9
  Swamp (4/4) Lair:6       Spider (4/4) Lair:3        Slime (0/6) Lair:6
    Orc (4/4) D:12            Elf (0/3) Orc:3        Vaults (0/5) D:13
 Depths (0/5) D:15

Altars:
Dithmenos
Elyvilon
Gozag
Nemelex Xobeh
Okawaru
Qazlal
Ru
Sif Muna
Trog
Xom
Zin
The Shining One
Beogh

Shops:
D:6 [   D:10 *   Orc:1 *   Orc:2 [   Orc:3 [   Orc:4 }*}

Portals:
Trove: D:12 (give +5 demon trident)


Innate Abilities, Weirdness & Mutations

You reflexively headbutt those who attack you in melee.
You have a pair of horns on your head.


Message History

The five-headed hydra seems to grow more fierce.
The swamp drake seems to grow more fierce.
You kill the spriggan druid!
Okawaru accepts your kill.
The forest abruptly stops moving.
You slice the slime creature!!
You kill the slime creature!
Okawaru accepts your kill.
You hit the slime creature.
The slime creature is severely wounded.
The swamp drake breathes noxious fumes at you.
The noxious blast engulfs you!
A four-headed hydra comes into view.
You are engulfed in noxious fumes.
You choke on the stench!
You are confused.
* * * LOW HITPOINT WARNING * * *
The slime creature closely misses you.
The thorn hunter fires a volley of thorns at you.
The volley of thorns hits you!
You have identified the last scroll.
Z - 3 scrolls of fog {unknown} You die...

≈≈≈ ♣≈≈ ≈≈≈≈♣ ≈...
♣♣≈≈≈ ♣♣♣.≈≈≈
≈♣♣.♣.≈♣♣♣....≈≈≈
≈..§.≈♣§..≈≈≈≈≈≈
≈♣♣.<.....≈≈≈≈.≈≈
≈..≈≈.≈≈≈§§yn≈§♣≈D
≈≈≈≈.♣≈≈JfkDk..D..
.≈≈.♣..@§♣♣♣♣♣♣≈.
.....§≈§§♣♣
♣♣♣≈≈≈≈≈§.♣
♣♣.≈≈≈≈≈≈≈♣
♣♣≈≈≈≈≈≈≈.♣♣
♣.≈≈≈≈≈[≈♣♣
.≈≈≈≈≈≈.♣♣
≈≈≈≈≈≈≈≈♣♣♣
♣.≈≈≈≈≈≈.≈♣


You could see a thorn hunter, a five-headed hydra (frenzied), a four-headed
hydra (frenzied), a slime creature, a bog body, 2 swamp drakes and a vampire
mosquito.

Vanquished Creatures
  Nikola (Swamp:2)
  A profane servitor (Abyss:1)
  Arachne (Spider:2)
  A bone dragon (Abyss:1)
  Rupert (Lair:4)
  Asterion (Spider:1)
  5 tentacled starspawn (Abyss:1)
  7 thorn hunters
  Roxanne (Spider:2)
  A revenant (Abyss:1)
  A daeva (Abyss:1)
  Maud (Lair:5)
  A cacodemon (Abyss:1)
  An orc warlord (Orc:4)
  5 emperor scorpions
  4 ghost moths (Spider:4)
  6 starcursed masses (Abyss:1)
  Snorg (D:10)
  A yaktaur captain (D:15)
  Josephine (Lair:4)
  13 hydras
  3 ghost crabs
  4 entropy weavers
  Erolcha (D:10)
  2 catoblepae
  Erica (Lair:2)
  3 centaur warriors
  2 dancing weapons (D:13)
  3 thrashing horrors (Abyss:1)
  7 death yaks
  8 alligators
  An ogre mage (D:15)
  Urug (Lair:4)
  4 orc high priests (Orc:4)
  Sonja (Orc:2)
  A titan zombie (Abyss:1)
  2 wretched stars (Abyss:1)
  5 unseen horrors
  2 ice devils (IceCv)
  5 skeletal warriors (D:11)
  A shadow wraith (Abyss:1)
  A necromancer (IceCv)
  5 hill giants
  4 ice statues (IceCv)
  2 swamp dragons (Swamp:4)
  4 shambling mangroves
  Pikel (D:7)
  31 wolf spiders
  19 orb spiders
  A moth of wrath (Spider:4)
  An oklob plant (Swamp:2)
  7 orc knights
  4 cyclopes
  7 orc sorcerers
  2 manticores
  4 hornets
  A worldbinder (Abyss:1)
  A smoke demon (Abyss:1)
  10 spiny frogs
  Maurice (D:12)
  2 centaur zombies
  A sixfirhy (Abyss:1)
  12 ugly things
  8 black mambas
  A gargoyle (D:14)
  A torpor snail (Spider:3)
  An orange demon (Abyss:1)
  10 komodo dragons
  A centaur skeleton (D:14)
  11 demonic crawlers
  A fire drake (Lair:8)
  A kobold demonologist (D:14)
  A tengu conjurer (D:15)
  A yaktaur (D:15)
  7 blue devils (IceCv)
  4 spriggan druids
  2 hellwings
  A freezing wraith (D:14)
  28 jumping spiders
  5 trolls
  6 raiju (Abyss:1)
  Grinder (D:4)
  5 bog bodies
  8 polar bears
  3 giant leeches (Swamp:2)
  5 wandering mushrooms (Swamp:2)
  2 boulder beetles
  3 two-headed ogres (D:15)
  8 blink frogs
  12 slime creatures
  13 ravens
  29 trapdoor spiders
  2 ynoxinuls (Abyss:1)
  14 spriggans
  A spectral swamp dragon (Swamp:3)
  A flying skull (Abyss:1)
  A tarantella (shapeshifter) (D:15)
  29 tarantellas
  54 redbacks
  A raiju (shapeshifter) (D:15)
  A fire bat (Abyss:1)
  2 wyverns
  A water elemental (D:14)
  8 wraiths
  51 yaks
  3 basilisks
  4 shadows
  Eustachio (D:6)
  2 hungry ghosts (D:9)
  2 neqoxecs (Abyss:1)
  14 hippogriffs
  6 wargs
  21 vampire mosquitoes
  3 soldier ants
  A spectral raven (Swamp:2)
  9 insubstantial wisps
  A vampire (D:14)
  23 wolves
  2 chaos spawn
  6 water moccasins
  19 swamp worms
  36 orc warriors
  13 porcupines
  3 mottled dragons
  7 small abominations (Abyss:1)
  18 ice beasts
  A slave (D:7)
  29 spiders
  8 black bears
  3 boggarts (D:15)
  2 phantoms
  7 large abominations (Abyss:1)
  5 necrophages
  2 sky beasts (D:12)
  8 swamp drakes
  18 ogres
  2 eyes of draining
  11 wasps
  7 centaurs
  13 crocodiles
  A wyvern zombie (D:13)
  17 giant frogs
  A gnoll sergeant (D:8)
  An earth elemental (Abyss:1)
  11 scorpions
  4 electric eels
  19 wights
  An oklob sapling (Swamp:2)
  12 killer bees
  6 crimson imps
  A giant frog zombie (D:5)
  9 jellies
  39 orc wizards
  A draconian simulacrum (IceCv)
  A quasit (D:8)
  4 iron imps
  2 giant frog skeletons
  26 orc priests
  Crazy Yiuf (D:7)
  7 hounds
  22 iguanas
  A spriggan simulacrum (IceCv)
  20 worker ants
  3 troll simulacra (IceCv)
  2 centaur simulacra (IceCv)
  12 sheep
  A hound zombie (D:8)
  A worker ant zombie (D:8)
  6 gnolls
  73 river rats
  10 adders
  3 naga simulacra (IceCv)
  3 shadow imps
  8 ufetubi (Abyss:1)
  9 oozes
  2 adder zombies
  3 adder skeletons
  5 worms
  8 giant geckos
  165 orcs
  2 bat skeletons
  A bat zombie (D:6)
  12 giant cockroaches
  24 hobgoblins
  14 kobolds
  3 quokkas
  17 bats
  2 giant newts (D:1)
  A giant spore (Swamp:3)
  16 goblins
  8 jackals
  2 quokka skeletons
  15 rats
  27 ballistomycetes
  4 briar patches (Swamp:2)
  A bush (Lair:6)
  3 fungi
  6 plants
  4 starspawn tentacles (Abyss:1)
1571 creatures vanquished.

Vanquished Creatures (others)
  A wolf spider (Spider:4)
  2 ravens (Swamp:3)
  A trapdoor spider (Spider:4)
  A yak (Lair:6)
  2 slaves (D:7)
  A swamp drake (Swamp:1)
  A small abomination (Abyss:1)
  An adder zombie (D:7)
  2 orcs (D:7)
  7 giant spores (Swamp:2)
  A lurking horror (Abyss:1)
  9 ballistomycetes (Swamp:2)
  12 fungi
  6 plants
  9 starspawn tentacles (Abyss:1)
  256 starspawn tentacle segments (Abyss:1)
312 creatures vanquished.

Grand Total: 1883 creatures vanquished

Notes
Turn   | Place    | Note
--------------------------------------------------------------
     0 | D:1      | panicbit the Minotaur Fighter began the quest for the Orb.
     0 | D:1      | Reached XP level 1. HP: 19/19 MP: 0/0
   195 | D:1      | Reached XP level 2. HP: 9/27 MP: 1/1
   454 | D:1      | Reached skill level 4 in Armour
   665 | D:1      | Reached XP level 3. HP: 33/33 MP: 2/2
  1377 | D:2      | Found a sparkling altar of Nemelex Xobeh.
  2113 | D:3      | Reached XP level 4. HP: 40/40 MP: 3/3
  2306 | D:4      | Noticed an ogre
  2319 | D:3      | Found a stormy altar of Qazlal.
  2565 | D:3      | Found a shimmering altar of Xom.
  2565 | D:3      | Found a shimmering altar of Xom.
  2565 | D:3      | Found a shimmering altar of Xom.
  2565 | D:3      | Found a shimmering altar of Xom.
  2586 | D:3      | You fall through a shaft!
  2628 | D:4      | Killed an ogre
  2628 | D:4      | Reached skill level 1 in Dodging
  2628 | D:4      | Reached XP level 5. HP: 19/47 MP: 4/4
  3122 | D:3      | Reached skill level 5 in Armour
  3250 | D:4      | Reached skill level 5 in Shields
  3358 | D:4      | Reached XP level 6. HP: 50/53 MP: 5/5
  3657 | D:4      | Noticed Grinder
  3671 | D:4      | Killed Grinder
  3671 | D:4      | Reached skill level 5 in Fighting
  3671 | D:4      | Reached skill level 6 in Shields
  3671 | D:4      | Reached XP level 7. HP: 52/61 MP: 6/6
  3678 | D:4      | Found a bloodstained altar of Trog.
  3678 | D:4      | Found an iron altar of Okawaru.
  3694 | D:4      | Became a worshipper of Warmaster Okawaru
  3949 | D:5      | Entered Level 5 of the Dungeon
  4048 | D:5      | Reached skill level 5 in Axes
  4326 | D:6      | Found Vueg's Armour Emporium.
  4450 | D:5      | Acquired Okawaru's first power
  5108 | D:5      | Found an opulent altar of Gozag.
  5108 | D:5      | Found a sacrificial altar of Ru.
  5109 | D:5      | Found a shadowy altar of Dithmenos.
  5209 | D:5      | Reached XP level 8. HP: 70/70 MP: 7/7
  5360 | D:6      | Reached skill level 7 in Shields
  5432 | D:6      | Found a glowing silver altar of Zin.
  5443 | D:6      | Found a glowing golden altar of the Shining One.
  5599 | D:6      | Noticed Eustachio
  5666 | D:6      | Killed Eustachio
  5710 | D:6      | Found a deep blue altar of Sif Muna.
  5747 | D:6      | Found a staircase to the Ecumenical Temple.
  6084 | D:7      | Noticed Pikel
  6105 | D:7      | Killed Pikel
  6105 | D:7      | Reached skill level 5 in Dodging
  6121 | D:7      | Noticed Crazy Yiuf
  6127 | D:7      | Killed Crazy Yiuf
  6127 | D:7      | Reached XP level 9. HP: 53/78 MP: 8/8
  6408 | D:7      | Reached skill level 1 in Stealth
  6560 | D:7      | HP: 3/79 [orc warrior/enchanted glaive (22)]
  6562 | D:7      | Reached skill level 8 in Axes
  6562 | D:7      | Reached skill level 1 in Invocations
  7549 | D:8      | Reached skill level 9 in Axes
  7740 | D:8      | Reached XP level 10. HP: 76/90 MP: 10/10
  8296 | D:8      | Found a white marble altar of Elyvilon.
  8487 | D:9      | Noticed a hill giant
  8495 | D:9      | Killed a hill giant
  8664 | D:9      | Acquired Okawaru's second power
  8783 | D:9      | Found a staircase to the Lair.
  8815 | D:9      | Reached skill level 10 in Axes
  9346 | D:10     | Entered Level 10 of the Dungeon
  9346 | D:10     | Noticed Snorg
  9516 | D:10     | Killed Snorg
  9516 | D:10     | Received a gift from Okawaru
  9516 | D:10     | Reached XP level 11. HP: 86/99 MP: 2/11
  9527 | D:10     | Got a crystal broad axe {god gift}
  9528 | D:10     | Identified the +3 broad axe "Citer" {chop, rElec Str+4 Stlth-} (Okawaru gifted it to you on level 10 of the Dungeon)
  9700 | D:10     | Noticed Erolcha
  9707 | D:10     | Reached skill level 11 in Axes
  9707 | D:10     | Killed Erolcha
  9707 | D:10     | Reached skill level 10 in Fighting
 10045 | D:10     | Found Veruxtex's Assorted Antiques.
 10064 | D:10     | Bought a red potion for 31 gold pieces
 10064 | D:10     | Bought a scroll labeled NUDENWUUWI for 35 gold pieces
 10064 | D:10     | Bought a shiny garnet ring for 175 gold pieces
 10064 | D:10     | Bought a scroll labeled AHOFEI IG QEA for 35 gold pieces
 10064 | D:10     | Bought a red potion for 31 gold pieces
 10257 | D:11     | Noticed a skeletal warrior
 10257 | D:11     | Noticed a skeletal warrior
 10258 | D:11     | Noticed a skeletal warrior
 10264 | D:11     | Noticed a skeletal warrior
 10598 | D:11     | Killed a skeletal warrior
 10598 | D:11     | Reached skill level 10 in Shields
 10609 | D:11     | Killed a skeletal warrior
 10614 | D:11     | Killed a skeletal warrior
 10614 | D:11     | Reached skill level 10 in Armour
 10820 | D:11     | Noticed a hill giant
 10825 | D:11     | Killed a hill giant
 10825 | D:11     | Received a gift from Okawaru
 10826 | D:11     | Got an ichor-stained hat {god gift}
 10832 | D:11     | Identified the +0 hat of Ennui {MR+ Regen+ Str+3} (Okawaru gifted it to you on level 11 of the Dungeon)
 11189 | D:11     | Noticed a skeletal warrior
 11201 | D:11     | Killed a skeletal warrior
 11201 | D:11     | Reached skill level 12 in Axes
 11544 | D:12     | Noticed an unseen horror
 11553 | D:12     | Killed an unseen horror
 11724 | D:12     | Noticed Maurice
 11732 | D:12     | Killed Maurice
 11732 | D:12     | Reached XP level 12. HP: 90/110 MP: 13/13
 11767 | D:12     | Found a portal to a secret trove of treasure.
 12175 | D:12     | Noticed an unseen horror
 12180 | D:12     | Killed an unseen horror
 12294 | D:12     | Found a staircase to the Orcish Mines.
 12365 | D:12     | Upgraded the game from 0.17-a0-1141-g3e25b61 to 0.17-a0-1150-g17b0b87
 12425 | D:13     | Noticed a centaur warrior
 12430 | D:13     | Killed a centaur warrior
 12430 | D:13     | Reached skill level 13 in Axes
 12673 | D:13     | Identified a scroll of acquirement
 12689 | D:13     | Found a gate to the Vaults.
 13422 | D:14     | Got a pair of ichor-stained gloves
 13433 | D:14     | Identified the +1 pair of gloves "Nike" {rF++} (You acquired it on level 14 of the Dungeon)
 13633 | D:14     | panicbit: Test :)
 13633 | D:14     | panicbit: Foobar!
 13633 | D:14     | Jup
 13759 | D:14     | Reached skill level 14 in Axes
 13788 | D:14     | Reached XP level 13. HP: 118/118 MP: 14/14
 14034 | D:15     | Entered Level 15 of the Dungeon
 14277 | D:15     | Received a gift from Okawaru
 14753 | D:15     | Reached skill level 15 in Axes
 14863 | D:15     | Found a staircase to the Depths.
 15494 | Lair:1   | Entered Level 1 of the Lair of Beasts
 15592 | Lair:1   | Found a frozen archway.
 15623 | IceCv    | Entered an ice cave
 15863 | IceCv    | Reached skill level 16 in Axes
 15891 | IceCv    | Received a gift from Okawaru
 15951 | IceCv    | Reached XP level 14. HP: 101/129 MP: 15/15
 17334 | Lair:2   | Noticed Erica
 17340 | Lair:2   | Killed Erica
 17863 | Lair:3   | Found a hole to the Spider Nest.
 18615 | Lair:4   | Noticed Josephine
 18625 | Lair:4   | Killed Josephine
 18739 | Lair:4   | Noticed Urug
 18746 | Lair:4   | Killed Urug
 18781 | Lair:4   | Reached skill level 17 in Axes
 19109 | Lair:4   | Noticed Rupert
 19122 | Lair:4   | Killed Rupert
 19122 | Lair:4   | Received a gift from Okawaru
 20523 | Lair:5   | Noticed Maud
 20649 | Lair:5   | Killed Maud
 20747 | Lair:6   | Found a staircase to the Swamp.
 20757 | Lair:6   | Received a gift from Okawaru
 20830 | Lair:6   | Gained mutation: Your system is resistant to poisons. [potion of beneficial mutation]
 20831 | Lair:6   | Gained mutation: You possess an exceptional clarity of mind. [potion of beneficial mutation]
 20869 | Lair:6   | Found a staircase to the Slime Pits.
 21201 | Lair:6   | Reached XP level 15. HP: 139/139 MP: 16/16
 22529 | Lair:7   | Reached skill level 18 in Axes
 22910 | Lair:8   | Entered Level 8 of the Lair of Beasts
 23045 | Lair:8   | Received a gift from Okawaru
 24455 | Orc:1    | Entered Level 1 of the Orcish Mines
 24462 | Orc:1    | Received a gift from Okawaru
 24463 | Orc:1    | Got a steaming war axe {god gift}
 24464 | Orc:1    | Identified the +10 war axe of the Endless March {chop, Int+3} (Okawaru gifted it to you on level 1 of the Orcish Mines)
 24733 | Orc:1    | Found Luewabis's Assorted Antiques.
 24747 | Orc:1    | Bought a scroll of teleportation for 81 gold pieces
 24747 | Orc:1    | Bought a pair of runed boots for 121 gold pieces
 24747 | Orc:1    | Bought a granite ring for 135 gold pieces
 24747 | Orc:1    | Bought a scroll of identify for 54 gold pieces
 24747 | Orc:1    | Bought a potion of heal wounds for 135 gold pieces
 25182 | Orc:2    | Found Qyschepetz's Antique Armour Boutique.
 25267 | Orc:2    | Noticed Sonja
 25455 | Orc:3    | Found a staircase to the Elven Halls.
 25533 | Orc:2    | Cast into the Abyss (Sonja)
 25598 | Abyss:1  | Noticed a tentacled starspawn
 25623 | Abyss:1  | Killed a tentacled starspawn
 25623 | Abyss:1  | Reached skill level 15 in Fighting
 25676 | Abyss:1  | Noticed a tentacled starspawn
 25693 | Abyss:1  | Killed a tentacled starspawn
 25718 | Abyss:1  | Noticed a tentacled starspawn
 25727 | Abyss:1  | Killed a tentacled starspawn
 25727 | Abyss:1  | Reached skill level 19 in Axes
 25778 | Abyss:1  | Found a corrupted altar of Lugonu.
 25860 | Abyss:1  | Gained mutation: Scrolls take you a little longer to read. [a neqoxec]
 25869 | Abyss:1  | Gained mutation: Your magical capacity is low (-10% MP). [a neqoxec]
 26056 | Abyss:1  | Noticed a bone dragon
 26075 | Abyss:1  | Killed a bone dragon
 26104 | Abyss:1  | Noticed a tentacled starspawn
 26111 | Abyss:1  | Killed a tentacled starspawn
 26111 | Abyss:1  | Reached XP level 16. HP: 113/149 MP: 16/16
 26275 | Abyss:1  | Noticed a profane servitor
 26291 | Abyss:1  | Killed a profane servitor
 26291 | Abyss:1  | Reached skill level 15 in Shields
 26337 | Abyss:1  | Received a gift from Okawaru
 26471 | Abyss:1  | Noticed an Executioner
 26725 | Abyss:1  | Noticed a bone dragon
 26882 | Abyss:1  | Noticed a tentacled starspawn
 26891 | Abyss:1  | Killed a tentacled starspawn
 26891 | Abyss:1  | Reached skill level 5 in Invocations
 26946 | Orc:2    | Escaped the Abyss
 26953 | Orc:2    | Killed Sonja
 27018 | Orc:3    | Found Sepnuat's Antique Armour Emporium.
 27035 | Orc:3    | Found a roughly hewn altar of Beogh.
 27242 | Orc:2    | Bought a translucent plate armour for 644 gold pieces
 27252 | Orc:2    | Identified the +1 plate armour "Uxkyeren" {rF+ MR+ Regen+ rCorr} (You bought it in a shop on level 2 of the Orcish Mines)
 28087 | Orc:4    | Entered Level 4 of the Orcish Mines
 28444 | Orc:4    | Found Kuiwn's Food Boutique.
 28453 | Orc:4    | Reached skill level 20 in Axes
 28487 | Orc:4    | Found Odyxul's Assorted Antiques.
 28515 | Orc:4    | Bought a bread ration for 55 gold pieces
 28515 | Orc:4    | Bought a meat ration for 55 gold pieces
 28515 | Orc:4    | Bought a bread ration for 55 gold pieces
 28515 | Orc:4    | Bought a bread ration for 55 gold pieces
 28515 | Orc:4    | Bought a royal jelly for 22 gold pieces
 28515 | Orc:4    | Bought a beef jerky for 16 gold pieces
 28515 | Orc:4    | Bought a beef jerky for 16 gold pieces
 28515 | Orc:4    | Bought a beef jerky for 16 gold pieces
 28515 | Orc:4    | Bought a beef jerky for 16 gold pieces
 28515 | Orc:4    | Bought a beef jerky for 16 gold pieces
 28517 | Orc:4    | Bought a potion of flight for 93 gold pieces
 28517 | Orc:4    | Bought a potion of agility for 124 gold pieces
 28517 | Orc:4    | Bought a moonstone ring for 155 gold pieces
 28517 | Orc:4    | Bought a runed large shield for 139 gold pieces
 28517 | Orc:4    | Bought a scroll of identify for 62 gold pieces
 28517 | Orc:4    | Found Orhiy's Gadget Shoppe.
 28531 | Orc:4    | Found Hedgh's Gadget Boutique.
 29058 | D:11     | Killed a skeletal warrior
 29149 | Spider:1 | Entered Level 1 of the Spider Nest
 29164 | Spider:1 | Reached skill level 5 in Stealth
 29309 | Spider:1 | Noticed Asterion
 29329 | Spider:1 | Killed Asterion
 29618 | Spider:1 | Received a gift from Okawaru
 29876 | Spider:1 | Reached XP level 17. HP: 140/158 MP: 17/17
 30009 | Spider:2 | Noticed Roxanne
 30010 | Spider:2 | Noticed Arachne
 30155 | Spider:2 | Killed Arachne
 30244 | Spider:2 | Received a gift from Okawaru
 30392 | Spider:2 | Killed Roxanne
 31205 | Spider:3 | Reached skill level 21 in Axes
 31695 | Spider:4 | Entered Level 4 of the Spider Nest
 32012 | Spider:4 | Received a gift from Okawaru
 32760 | Spider:4 | Reached skill level 10 in Dodging
 32824 | Spider:4 | Received a gift from Okawaru
 32900 | Spider:4 | Got a gossamer rune of Zot
 32926 | Spider:4 | Reached XP level 18. HP: 166/168 MP: 0/19
 33253 | Swamp:1  | Entered Level 1 of the Swamp
 33392 | Swamp:1  | Reached skill level 1 in Unarmed Combat
 34309 | Swamp:2  | Received a gift from Okawaru
 34477 | Swamp:2  | Noticed Nikola
 34504 | Swamp:2  | Killed Nikola
 34937 | Swamp:2  | Lost mutation: Scrolls take you a little longer to read. [potion of cure mutation]
 34937 | Swamp:2  | Lost mutation: Your magical capacity is low (-10% MP). [potion of cure mutation]
 34937 | Swamp:2  | Lost mutation: Your system is resistant to poisons. [potion of cure mutation]
 34937 | Swamp:2  | Lost mutation: You possess an exceptional clarity of mind. [potion of cure mutation]
 35286 | Swamp:3  | Reached skill level 22 in Axes
 35824 | Swamp:4  | Entered Level 4 of the Swamp
 35924 | Swamp:4  | Received a gift from Okawaru
 35927 | Swamp:4  | Killed from afar by a thorn hunter

Vault maps used:
D:1:      minmay_arrival_widening_spiral_wide
D:2:      lemuel_round_altar
D:3:      nicolae_qazlal_general_emergency, hangedman_decor_push,
          xom_redecorated
D:4:      grunt_temple_overflow_bloody_war, first_bread, minivault_27,
          uniq_grinder
D:5:      gammafunk_temple_overflow_forgotten
D:6:      grunt_temple_overflow_open, serial_shops, kennysheep_mini,
          minivault_5, st_stairs_12, kennysheep_flooded_box, uniq_eustachio
D:7:      uniq_pikel, uniq_crazy_yiuf_cottage
D:8:      lemuel_coloured_pillars_altar
D:9:      dpeg_lair_monsters, hangedman_little_slice_of_home
D:10:     serial_shops, nicolae_shop_waterfront, uniq_erolcha, uniq_snorg
D:12:     david_orc_4, enter_trove_1, uniq_maurice
D:13:     erik_vaults_1
D:14:     serial_bayou_pond_b
D:15:     grunt_enter_depths_snipers, minmay_fountain_box
Lair:1:   portal_ice_cave_entry_ice_beasts, beast_lair_carwin_3
Lair:2:   grunt_forest_stairs_basic, cheibrodos_lair_caveside_slide, uniq_erica
Lair:3:   nicolae_spider_entry_non_spiders
Lair:4:   uniq_rupert, uniq_urug, uniq_josephine
Lair:5:   minivault_23, lemuel_fruit_fields, uniq_maud
Lair:6:   minmay_swamp_entry_swarm, nicolae_slime_entry_slimehenge,
          infiniplex_staircase_pool
Lair:7:   serial_bayou_shore_a
Lair:8:   minmay_lair_end_enchanted_forest
Swamp:1:  evilmike_swamp_ruin_house_6
Swamp:2:  nicolae_swamp_phyte_club, evilmike_swamp_ruin_rubble_2, swamp_pool3,
          uniq_nikola
Swamp:3:  evilmike_swamp_ruin_house_1
Swamp:4:  swamp_alternative, swamp_pool1, uniq_aizul
Spider:1: spiders_nest_scorpion_pit, uniq_asterion
Spider:2: hangedman_spider_trapstep, uniq_arachne, uniq_roxanne
Spider:4: grunt_spider_rune_parallel
Orc:1:    serial_shops, nicolae_shop_stone, special_room
Orc:2:    serial_shops, shop, uniq_sonja
Orc:3:    serial_shops, shop, basic_altar, nicolae_orc_pool_cavern
Orc:4:    st_orc_elflike
IceCv:    ice_cave_tombish

Action                   |  1- 3 |  4- 6 |  7- 9 | 10-12 | 13-15 | 16-18 || total
-------------------------+-------+-------+-------+-------+-------+-------++-------
Melee: War axe           |    91 |    94 |   378 |   203 |   202 |  1339 ||  2307
       Unarmed           |       |       |    11 |       |       |    32 ||    43
       Broad axe         |       |       |       |   366 |   860 |       ||  1226
       Battleaxe         |       |       |       |       |    61 |       ||    61
       Morningstar       |       |       |       |       |     2 |       ||     2
Invok: Heroism           |       |       |     4 |    10 |     7 |    19 ||    40
       Finesse           |       |       |       |     1 |     1 |     7 ||     9
  Use: Potion            |       |       |       |     1 |     2 |     3 ||     6
       Scroll            |       |       |       |    12 |    28 |    11 ||    51
 Stab: Sleeping          |       |       |       |       |    23 |    10 ||    33
       Fleeing           |       |       |       |       |     1 |       ||     1
       Distracted        |       |       |       |       |       |     8 ||     8
  Eat: Chunk             |     4 |     5 |    10 |    23 |    32 |    26 ||   100
       Fruit             |       |       |     2 |       |     4 |     9 ||    15
       Beef jerky        |       |       |     1 |       |       |       ||     1
       Pizza             |       |       |       |       |     3 |     1 ||     4
